AoeStats
← filip

African Clearing

506959484Analyzed
2v2 RM · 16d ago on Sep 16, 2026· 53m 48s· 4 players
Game mode
Random Map
Map size
Medium (4 player)
Population
200
Speed
Normal
Resources
Standard
Victory
Conquest
Starting age
Dark Age
Ending age
Imperial Age
RankedLock teamsTeams togetherTeam positionsShared explorationLock speedFull tech treeHidden civsTurbo modeCheats
Victory
Defeat
🇺🇾 Magyars · Uruguay
1155
+13
🇦🇷 Burgundians · Argentina
1034
+19
🇨🇱 Vietnamese · Chile
1090
-16
🇨🇱 Lithuanians · Chile
1090
-16
RickOP
10:22 Loom
13:19 Feudal Age
19:23 Double-Bit Axe
20:27 Fletching
23:41 Bloodlines
29:23 Castle Age
30:38 Bow Saw
31:18 Stone Mining
40:47 Wheelbarrow
44:46 Town Watch
46:16 Ballistics
49:28 Hand Cart
filip
7:53 Loom
14:20 Feudal Age
15:55 Double-Bit Axe
18:18 Castle Age
19:16 Scale Barding Armor
24:26 Forging
35:02 Imperial Age
39:42 Horse Collar
40:26 Cavalier
42:30 Iron Casting
49:02 Stone Mining
50:35 Elite Skirmisher
52:11 Imperial Skirmisher
acm_
3:56 Loom
13:49 Feudal Age
26:51 Castle Age
39:10 Town Watch
41:30 Gold Mining
41:34 Stone Mining
42:49 Wheelbarrow
42:21 Horse Collar
44:25 Husbandry
44:10 Cavalier
45:39 Hand Cart
48:53 Double-Bit Axe
52:00 Heavy Plow
53:14 Bow Saw
Pipo
4:10 Loom
11:53 Feudal Age
12:39 Double-Bit Axe
16:11 Scale Barding Armor
22:57 Castle Age
21:26 Fletching
28:36 Bodkin Arrow
29:27 Thumb Ring
32:10 Husbandry
36:32 Wheelbarrow
36:54 Padded Archer Armor
38:02 Ballistics
41:40 Imperial Age
40:50 Bloodlines
42:26 Recurve Bow
42:54 Hand Cart
43:51 Bracer
44:28 Bow Saw
45:46 Parthian Tactics
47:06 Chemistry
47:27 Leather Archer Armor
50:27 Two-Man Saw
49:23 Heavy Cavalry Archer
Connection lost

Rejoining the realm…

Still unreachable

The connection could not be restored.

Session expired

The server has moved on; the page needs a fresh start.